Map: Ice and Chrome LE

Players

HORIZON

  • Race: Zerg Zerg
  • League: Master
  • Spawn Location: 7:00

BerryRAWR - Winner!

  • Race: Terran Terran
  • League: Grandmaster
  • Spawn Location: 1:00

VOD

Have the link to the VOD?

Description

Time

  • Played on: June 17, 2020, 2:16 a.m.
  • Length: 15:39
Show
View Real Time Build Order
Export as new Build Order

HORIZON Zerg 

Build Orders: Hatch First 

Get SALT Encoding   

  12  0:00  Drone  
  13  0:12  Overlord  
  13  0:16  Drone  
  14  0:31  Drone x2  
  16  0:48  Hatchery  
  15  0:51  Drone  
  15  0:54  Drone  
  17  0:58  Drone  
  18  1:06  Extractor  
  17  1:13  Spawning Pool  
  17  1:16  Drone  
  17  1:20  Drone  
  18  1:28  Drone  
  19  1:39  Drone  
  20  1:50  Overlord  
  20  2:00  Queen x2  
  20  2:01  Zergling x4  
  26  2:12  Drone x2  
  28  2:26  Hatchery  
  28  2:28  Drone  
  28  2:40  Drone, Metabolic Boost  
  28  2:41  Drone  
  30  2:47  Overlord  
  30  2:49  Drone x2  
  32  2:57  Queen  
  34  3:00  Drone  
  34  3:03  Drone  
  37  3:05  Drone  
  37  3:08  Drone  
  38  3:14  Drone x3  
  41  3:21  Overlord  
  41  3:23  Drone  
  42  3:28  Overlord  
  42  3:35  Queen  
  42  3:39  Queen  
  46  3:43  Zergling x6  
  49  3:49  Overlord  
  49  3:51  Drone x3  
  49  3:53  Zergling x2  
  53  3:59  Zergling x2  
  54  4:06  Overlord  
  54  4:12  Drone x7  
  54  4:16  Queen  
  63  4:21  Overlord x2  
  62  4:37  Drone x7  
  69  4:46  Overlord  
  69  4:49  Overlord  
  69  4:50  Overlord, Drone x2  
  69  4:52  Overlord  
  71  4:55  Spore Crawler  
  71  4:56  Spore Crawler  
  71  4:57  Spore Crawler  
  71  4:58  Lair  
  71  4:59  Drone  
  69  5:04  Overlord, Baneling Nest  
  69  5:06  Drone  
  69  5:12  Drone x5  
  74  5:20  Drone x3  
  76  5:24  Drone x2  
  76  5:27  Drone  
  79  5:29  Extractor x2  
  79  5:31  Drone  
  79  5:32  Drone  
  79  5:37  Overlord, Evolution Chamber  
  79  5:40  Evolution Chamber  
  79  5:41  Overlord  
  77  5:43  Drone  
  77  5:45  Overlord  
  77  5:46  Overlord x2  
  77  5:47  Hatchery, Drone  
  78  5:52  Drone, Extractor x2  
  73  6:04  Drone, Extractor  
  73  6:05  Hydralisk Den, Drone x2  
  73  6:06  Zergling x10  
  79  6:12  Drone  
  79  6:17  Drone x2  
  82  6:23  Drone  
  82  6:25  Baneling  
  83  6:31  Zergling x4  
  83  6:32  Hatchery  
  84  6:35  Grooved Spines  
  84  6:37  Overseer  
  84  6:39  Zergling x16  
  92  6:41  Queen  
  92  6:42  Pneumatized Carapace  
  92  6:43  Centrifical Hooks  
  92  6:45  Zergling x2  
  95  6:49  Zerg Melee Weapons Level 1  
  95  6:51  Overlord  
  95  6:55  Drone  
  97  7:01  Drone x6  
  97  7:02  Drone  
  97  7:07  Overseer  
  103  7:10  Drone x6  
  109  7:17  Overseer, Drone  
  109  7:18  Drone  
  109  7:19  Drone x2  
  113  7:23  Baneling x14  
  111  7:31  Zergling x14  
  111  7:32  Zergling x2  
  119  7:38  Infestation Pit  
  119  7:43  Hydralisk x7  
  119  7:46  Overlord  
  119  7:50  Zerg Missile Weapons Level 1  
  131  7:51  Drone  
  131  7:52  Drone  
  131  7:54  Extractor  
  131  7:58  Zergling x10  
  137  8:01  Zergling x8  
  137  8:04  Drone  
  139  8:08  Hatchery, Drone  
  139  8:09  Drone  
  139  8:11  Drone  
  122  8:23  Drone x7  
  118  8:28  Drone x4  
  118  8:33  Hydralisk  
  118  8:34  Hydralisk x2  
  121  8:37  Baneling x11  
  121  8:38  Hydralisk  
  129  8:43  Zergling x4  
  129  8:47  Muscular Augments  
  129  8:48  Zergling x10  
  126  9:03  Zergling x14  
  126  9:09  Hydralisk x3  
  131  9:11  Baneling x11  
  131  9:15  Zergling x4  
  135  9:19  Zergling x8  
  135  9:24  Zergling x2, Baneling x15  
  137  9:25  Zergling x6  
  137  9:29  Hive  
  137  9:30  Zerg Melee Weapons Level 2  
  141  9:31  Zergling x4  
  141  9:37  Hydralisk x3  
  142  9:42  Zergling x8  
  146  9:49  Hydralisk  
  148  9:56  Zergling x12  
  148  9:59  Zergling x6  
  145  10:01  Zergling x2  
  145  10:03  Zergling x2  
  145  10:05  Zergling x2  
  133  10:09  Zergling x2  
  133  10:13  Zergling x4  
  130  10:24  Zergling x20  
  130  10:25  Baneling x4  
  130  10:26  Baneling x13  
  130  10:27  Overlord, Baneling x3  
  130  10:28  Overlord  
  140  10:37  Hydralisk x3  
  140  10:39  Zergling x2  
  140  10:40  Zergling x6  
  140  10:41  Baneling x4  
  140  10:42  Zergling x2, Baneling x2  
  151  10:43  Hatchery  
  151  10:46  Zergling x2  
  151  10:47  Zergling x2  
  152  10:50  Hydralisk x2  
  148  11:04  Zergling x6  
  148  11:05  Zergling x14  
  148  11:08  Hydralisk  
  158  11:13  Zergling x4  
  158  11:17  Zergling x8  
  154  11:19  Baneling x8  
  151  11:26  Hydralisk x2  
  151  11:27  Zergling x4  
  151  11:29  Overlord  
  151  11:32  Baneling x25  
  157  11:41  Zergling x2  
  157  11:45  Zergling x8  
  156  11:57  Zergling x18  
  156  11:58  Zergling x12  
  155  12:05  Zergling x8  
  147  12:12  Zergling x6  
  147  12:13  Zergling x2  
  153  12:17  Baneling x9  
  153  12:18  Baneling x4  
  138  12:31  Hatchery  
  138  12:32  Zergling x10  
  138  12:33  Zergling x2  
  138  12:34  Zergling x6  
  137  12:40  Zergling x2  
  133  12:44  Hydralisk x2  
  133  12:45  Zergling x4  
  137  12:54  Hydralisk  
  137  12:55  Zergling x2  
  137  12:56  Zergling x6  
  143  13:01  Baneling x20  
  143  13:04  Hydralisk x2  
  147  13:08  Spire  
  139  13:16  Hydralisk x3  
  139  13:17  Zergling x12  
  139  13:18  Zergling x6  
  148  13:20  Zerg Missile Weapons Level 2  
  148  13:23  Adrenal Glands  
  148  13:24  Zergling x8  
  148  13:25  Drone  
  153  13:38  Drone x4  
  153  13:39  Zergling x6  
  160  13:42  Hatchery, Baneling x15  
  159  13:54  Drone x2  
  146  13:56  Drone x3  
  149  14:07  Drone x11  
  149  14:08  Hydralisk  
  155  14:14  Zergling x4  
  147  14:19  Overlord  
  144  14:24  Swarm Host, Hydralisk x3  
  153  14:32  Zergling x6  
  153  14:35  Zergling x4  
  153  14:37  Hydralisk x4  
  165  14:56  Hydralisk x2  
  165  14:59  Zergling x16  
  170  15:05  Hydralisk x2  
  171  15:11  Hydralisk x2  
  170  15:19  Zergling x4  
  171  15:21  Overlord  
  171  15:26  Drone  
Show
View Real Time Build Order
Export as new Build Order

BerryRAWR Terran - Winner!

Build Orders: Gas First Reaper Expand 

Get SALT Encoding   

  12  0:01  SCV  
  13  0:14  SCV  
  14  0:18  Supply Depot  
  14  0:26  SCV  
  15  0:32  Refinery  
  15  0:39  SCV  
  16  0:45  Barracks  
  16  0:51  SCV  
  17  1:03  SCV  
  18  1:15  SCV  
  19  1:32  Reaper  
  19  1:33  Orbital Command  
  20  1:47  Command Center  
  20  1:57  Factory  
  21  2:01  SCV  
  21  2:10  Barracks Reactor  
  21  2:13  SCV  
  22  2:16  Supply Depot  
  22  2:21  Refinery  
  22  2:25  SCV  
  23  2:38  SCV  
  24  2:50  SCV, Starport  
  25  2:55  Hellion x2  
  25  2:57  Marine  
  30  3:02  SCV  
  30  3:03  Orbital Command  
  31  3:15  SCV  
  31  3:19  Hellion x2  
  36  3:27  SCV  
  36  3:29  SCV  
  36  3:30  Supply Depot  
  36  3:32  Viking  
  40  3:39  SCV  
  40  3:41  SCV  
  46  3:59  SCV x2  
  46  4:02  Medivac  
  50  4:05  Supply Depot, Widow Mine x2  
  50  4:11  SCV  
  50  4:12  SCV  
  52  4:17  Supply Depot  
  52  4:19  Command Center, Barracks Tech Lab  
  52  4:23  SCV  
  53  4:24  SCV  
  53  4:27  Widow Mine x2  
  58  4:35  SCV  
  58  4:36  SCV  
  60  4:45  Barracks Tech Lab  
  60  4:47  SCV  
  60  4:48  SCV  
  60  4:49  Starport Reactor  
  60  4:50  Factory  
  60  4:51  Refinery, Factory  
  62  4:54  Refinery  
  62  4:59  SCV  
  63  5:00  SCV  
  63  5:02  Supply Depot  
  63  5:06  Hellion  
  66  5:08  Hellion  
  66  5:11  SCV  
  66  5:13  SCV  
  64  5:23  SCV  
  64  5:25  SCV  
  57  5:32  Factory  
  57  5:33  Liberator x2  
  63  5:35  SCV  
  63  5:36  Orbital Command, Factory  
  63  5:37  SCV  
  65  5:46  Supply Depot  
  65  5:47  Supply Depot  
  65  5:48  SCV, Hellion x2  
  65  5:49  SCV  
  71  5:59  Supply Depot  
  71  6:00  SCV  
  71  6:01  SCV  
  71  6:03  Armory  
  73  6:05  Engineering Bay  
  73  6:06  Armory, Orbital Command  
  73  6:21  Refinery  
  73  6:23  Refinery  
  73  6:28  Supply Depot  
  73  6:29  Hellion x2, Cyclone  
  73  6:30  Supply Depot  
  80  6:33  Mag-Field Accelerator, Infernal Pre-Igniter  
  80  6:40  SCV x3  
  83  6:54  Cyclone  
  83  6:55  Hellion x2  
  83  6:56  Supply Depot  
  83  6:57  Supply Depot  
  83  6:58  SCV  
  83  7:00  SCV  
  83  7:01  SCV  
  93  7:04  Cyclone  
  93  7:08  Terran Vehicle Weapons Level 1, Terran Vehicle And Ship Armor Level 1  
  96  7:10  SCV  
  96  7:13  SCV, Barracks Reactor  
  98  7:17  SCV  
  99  7:24  SCV, Factory  
  99  7:25  SCV, Factory  
  99  7:26  Cyclone  
  99  7:29  SCV  
  105  7:34  Hellion x2  
  105  7:36  Cyclone  
  113  7:37  SCV  
  113  7:42  SCV x2  
  115  7:44  Command Center  
  115  7:49  SCV  
  115  7:50  Supply Depot  
  116  7:53  Missile Turret x2  
  116  7:54  SCV x2  
  116  7:55  Missile Turret  
  116  7:57  Hellion x2  
  122  7:59  Drilling Claws  
  122  8:12  SCV x2  
  124  8:13  Factory Tech Lab  
  120  8:24  Cyclone x2  
  120  8:25  Hellion x2  
  120  8:26  SCV  
  120  8:27  SCV x2  
  127  8:32  Command Center  
  121  8:36  Cyclone  
  121  8:38  Hellion x2  
  121  8:39  SCV x2  
  130  8:46  Hellion x2  
  134  8:49  Command Center  
  134  8:51  SCV x2  
  136  8:57  Refinery  
  136  8:59  Refinery  
  121  9:09  Cyclone x3  
  131  9:10  Hellion x2  
  133  9:30  Hellion  
  135  9:41  Cyclone x3  
  135  9:42  Hellion x2  
  135  9:44  Terran Vehicle Weapons Level 2, Terran Vehicle And Ship Armor Level 2  
  148  9:46  Barracks Reactor  
  148  9:47  SCV  
  148  9:48  SCV  
  150  9:54  SCV  
  125  10:09  Hellion x2  
  125  10:13  Cyclone x2  
  110  10:14  SCV x3  
  110  10:15  Planetary Fortress  
  110  10:20  Sensor Tower  
  109  10:22  Cyclone  
  109  10:24  Planetary Fortress  
  109  10:25  Orbital Command  
  112  10:28  SCV x2  
  112  10:29  SCV  
  112  10:30  Sensor Tower  
  115  10:39  Hellion  
  115  10:40  SCV  
  115  10:41  SCV x2  
  120  10:45  Cyclone x2  
  130  10:50  Hellion x3  
  130  10:52  SCV  
  132  11:05  Cyclone, Command Center  
  135  11:16  Hellion x4  
  135  11:17  Cyclone x2  
  142  11:18  SCV  
  142  11:30  SCV x2  
  142  11:31  Factory x3  
  144  11:37  Hellion, Cyclone, Missile Turret  
  144  11:38  SCV x2  
  144  11:39  Missile Turret  
  151  11:42  SCV  
  152  11:49  Cyclone  
  152  11:50  Cyclone  
  152  11:51  Hellion x3  
  164  11:59  Hellion  
  136  12:08  Orbital Command  
  136  12:09  Cyclone  
  136  12:12  Hellion x3  
  145  12:20  Hellion  
  145  12:21  Cyclone  
  145  12:22  Cyclone  
  149  12:30  Factory Tech Lab  
  149  12:31  Factory Tech Lab  
  138  12:41  Cyclone  
  132  12:46  SCV x3, Hellion x3  
  133  12:52  Command Center  
  133  12:53  Cyclone  
  133  12:54  Cyclone  
  133  12:56  Command Center  
  139  13:02  Sensor Tower  
  139  13:03  Hellion x2, Cyclone  
  148  13:05  Hellion  
  148  13:07  Hellion  
  148  13:09  Planetary Fortress  
  150  13:13  Cyclone  
  147  13:22  Hellion x2  
  147  13:23  SCV x2  
  147  13:25  Supply Depot  
  147  13:26  Supply Depot  
  153  13:41  Cyclone x2  
  153  13:42  Hellion x2  
  153  13:47  Hellion  
  165  14:08  Hellion, Cyclone x2  
  165  14:09  Hellion x4  
  181  14:11  Hellion  
  181  14:13  Cyclone  
  172  14:24  Cyclone  
  172  14:28  Factory Tech Lab  
  172  14:30  Hellion x2  
  179  14:40  Cyclone  
  182  14:47  Command Center  
  182  14:48  Command Center  
  182  15:03  Cyclone, Refinery x2  
  185  15:13  Hellion x2  
  192  15:14  Hellion x2  
  192  15:16  SCV  
  192  15:17  SCV  
  196  15:22  Missile Turret  
Tags
 
Add a new tag
Caveats
  • Supply blocks, unpowered buildings, or Contaminate may cause inaccurate times.
  • Supply counts are checked every 10 seconds.